2792 views
Uploaded 2020-01-12 18:03:37
Game version 1.32.0.5
29:02 long 3on3 ladder game on (8)Battleground_LV
Saved by BEARAND
2792 views
Uploaded 2020-01-12 18:03:37
Game version 1.32.0.5
29:02 long 3on3 ladder game on (8)Battleground_LV


152 units @ 22.5k
/ 4.3k
66 buildings @ 9.5k
/ 4.1k

| Scroll of Regeneration | 5 | 500 |
| Staff of Sanctuary | 1 | 250 |
| Potion of Healing | 2 | 300 |
| Lesser Clarity Potion | 1 | 70 |
| Scroll of Town Portal | 1 | 350 |
| Scroll of Protection | 1 | 150 |
| Boots of Speed | 1 | 250 |
| total: | 12 | 1870g |
| Peasant | 21 | 1575 | / | 0 |
| Footman | 3 | 405 | / | 0 |
| Rifleman | 9 | 1845 | / | 270 |
| Mortar Team | 9 | 1620 | / | 630 |
| Siege Engine | 8 | 1560 | / | 480 |
| total: | 50 | 7005g | / | 1380w |
| Scout Tower | 2 | 60 | / | 40 |
| Guard Tower | 2 | 140 | / | 100 |
| Altar of Kings | 1 | 180 | / | 50 |
| Farm | 15 | 1200 | / | 300 |
| Lumber Mill | 1 | 120 | / | 0 |
| Barracks | 1 | 160 | / | 60 |
| Arcane Vault | 1 | 130 | / | 30 |
| Blacksmith | 1 | 140 | / | 60 |
| Town Hall | 1 | 385 | / | 205 |
| Workshop | 4 | 560 | / | 560 |
| Keep | 1 | 320 | / | 210 |
| Castle | 1 | 360 | / | 210 |
| total: | 27 | 2935g | / | 1305w |
| 0:02 | Peasant |
| 0:03 | Peasant |
| 0:09 | Altar of Kings |
| 0:22 | Farm |
| 0:34 | Peasant |
| 0:45 | Lumber Mill |
| 0:57 | Peasant |
| 0:57 | Peasant |
| 1:03 | Farm |
| 1:17 | Barracks |
| 1:20 | Peasant |
| 1:27 | Peasant |
| 1:39 | Peasant |
| 1:51 | Arcane Vault |
| 1:58 | Peasant |
| 2:13 | Blizzard |
| 2:30 | Blacksmith |
| 3:06 | Footman |
| 3:51 | Peasant |
| 3:52 | Peasant |
| 3:53 | Footman |
| 4:22 | Backpack |
| 4:24 | Peasant |
| 4:24 | Peasant |
| 4:31 | Footman |
| 5:10 | Rifleman |
| 5:12 | Keep |
| 5:30 | Farm |
| 5:35 | Farm |
| 5:40 | Scroll of Regeneration |
| 6:24 | Brilliance Aura |
| 6:29 | Farm |
| 6:32 | Rifleman |
| 6:35 | Black Gunpowder |
| 6:38 | Scroll of Regeneration |
| 6:55 | Scout Tower |
| 7:08 | Rifleman |
| 7:27 | Guard Tower |
| 7:31 | Farm |
| 7:44 | Workshop |
| 7:47 | Workshop |
| 7:58 | Castle |
| 8:02 | Long Rifles |
| 8:23 | Improved Lumber Harvesting |
| 8:37 | Rifleman |
| 8:39 | Studded Leather Armor |
| 9:09 | Mortar Team |
| 9:24 | Scroll of Protection |
| 9:30 | Blizzard |
| 9:37 | Boots of Speed |
| 9:50 | Mortar Team |
| 10:28 | Fragmentation Shards |
| 10:32 | Advanced Lumber Harvesting |
| 11:10 | Mortar Team |
| 11:14 | Workshop |
| 11:20 | Rifleman |
| 11:20 | Rifleman |
| 11:35 | Farm |
| 11:42 | Flare |
| 12:19 | Peasant |
| 12:19 | Peasant |
| 12:23 | Farm |
| 12:48 | Rifleman |
| 12:52 | Farm |
| 13:00 | Barrage |
| 13:23 | Siege Engine |
| 13:46 | Peasant |
| 13:46 | Peasant |
| 14:01 | Town Hall |
| 14:05 | Rifleman |
| 14:07 | Siege Engine |
| 14:52 | Mortar Team |
| 16:02 | Farm |
| 16:04 | Scout Tower |
| 16:09 | Farm |
| 16:45 | Brilliance Aura |
| 17:39 | Siege Engine |
| 17:39 | Siege Engine |
| 17:39 | Siege Engine |
| 17:40 | Siege Engine |
| 18:19 | Workshop |
| 18:42 | Peasant |
| 18:42 | Peasant |
| 18:42 | Peasant |
| 19:11 | Guard Tower |
| 19:41 | Rifleman |
| 19:44 | Iron Plating |
| 19:51 | Peasant |
| 19:55 | Siege Engine |
| 20:22 | Mortar Team |
| 20:43 | Farm |
| 20:44 | Farm |
| 20:47 | Staff of Sanctuary |
| 20:49 | Potion of Healing |
| 20:52 | Scroll of Regeneration |
| 21:46 | Scroll of Town Portal |
| 22:12 | Farm |
| 22:13 | Farm |
| 22:17 | Refined Gunpowder |
| 23:08 | Siege Engine |
| 24:10 | Scroll of Regeneration |
| 24:14 | Scroll of Regeneration |
| 24:18 | Lesser Clarity Potion |
| 24:22 | Potion of Healing |
| 26:01 | Mortar Team |
| 26:01 | Mortar Team |
| 26:01 | Mortar Team |
| 26:29 | Mortar Team |
| 26:36 | Imbued Gunpowder |
| Right click | 1001 |
| Select | 438 |
| Select group | 370 |
| Misc. action | 117 |
| Build/train/purchase | 103 |
| Use ability | 32 |
| Assign group | 27 |
| Minimap ping | 6 |
| Remove unit | 3 |
| Item give/drop | 2 |


| Orb of Venom | 1 | 325 |
| Scroll of Town Portal | 1 | 350 |
| total: | 2 | 675g |
| Wisp | 15 | 900 | / | 0 |
| Archer | 6 | 780 | / | 60 |
| Huntress | 5 | 975 | / | 100 |
| Dryad | 12 | 1740 | / | 720 |
| Mountain Giant | 5 | 1750 | / | 500 |
| total: | 43 | 6145g | / | 1380w |
| Altar of Elders | 1 | 180 | / | 50 |
| Moon Well | 7 | 1260 | / | 280 |
| Ancient of War | 2 | 300 | / | 120 |
| Ancient of Wonders | 1 | 90 | / | 30 |
| Hunter's Hall | 1 | 210 | / | 100 |
| Tree of Life | 1 | 340 | / | 185 |
| Ancient of Lore | 2 | 310 | / | 290 |
| Tree of Ages | 1 | 320 | / | 180 |
| Tree of Eternity | 1 | 330 | / | 200 |
| total: | 15 | 2690g | / | 1055w |
| 0:08 | Altar of Elders |
| 0:11 | Moon Well |
| 0:13 | Wisp |
| 0:13 | Wisp |
| 0:47 | Ancient of War |
| 0:57 | Wisp |
| 1:21 | Wisp |
| 1:48 | Moon Well |
| 1:49 | Wisp |
| 1:49 | Wisp |
| 1:55 | Archer |
| 2:19 | Force of Nature |
| 3:24 | Wisp |
| 3:25 | Wisp |
| 3:44 | Ancient of War |
| 4:12 | Ancient of Wonders |
| 4:16 | Wisp |
| 4:16 | Wisp |
| 5:02 | Archer |
| 5:23 | Wisp |
| 5:23 | Wisp |
| 5:24 | Archer |
| 6:04 | Archer |
| 6:08 | Entangling Roots |
| 6:29 | Wisp |
| 6:31 | Archer |
| 6:50 | Hunter's Hall |
| 6:52 | Wisp |
| 6:52 | Wisp |
| 7:30 | Moon Well |
| 7:33 | Archer |
| 8:01 | Moon Well |
| 8:23 | Huntress |
| 8:24 | Huntress |
| 9:12 | Force of Nature |
| 9:22 | Huntress |
| 9:26 | Moon Well |
| 9:28 | Tree of Ages |
| 9:31 | Strength of the Moon |
| 10:29 | Huntress |
| 10:34 | Moon Armor |
| 11:05 | Huntress |
| 11:59 | Ancient of Lore |
| 12:29 | Ancient of Lore |
| 13:16 | Dryad |
| 13:17 | Abolish Magic |
| 14:55 | Mana Burn |
| 16:06 | Dryad |
| 16:06 | Dryad |
| 16:08 | Dryad |
| 16:08 | Dryad |
| 18:22 | Entangling Roots |
| 19:26 | Tree of Eternity |
| 19:30 | Dryad |
| 19:30 | Dryad |
| 19:34 | Mountain Giant |
| 19:34 | Mountain Giant |
| 19:46 | Tree of Life |
| 20:26 | Mountain Giant |
| 23:06 | Immolation |
| 23:13 | Dryad |
| 23:15 | Mountain Giant |
| 23:16 | Dryad |
| 23:18 | Mountain Giant |
| 23:19 | Dryad |
| 25:06 | Orb of Venom |
| 25:07 | Scroll of Town Portal |
| 26:25 | Moon Well |
| 26:28 | Moon Well |
| 27:21 | Dryad |
| 27:22 | Dryad |
| Right click | 2035 |
| Select | 329 |
| Build/train/purchase | 60 |
| Use ability | 47 |
| Minimap ping | 14 |
| Chat | 3 |
| Misc. action | 1 |
| Remove unit | 1 |

| Healing Salve | 4 | 400 |
| Orb of Lightning | 1 | 375 |
| total: | 5 | 775g |
| Peon | 17 | 1275 | / | 0 |
| Grunt | 8 | 1600 | / | 0 |
| Raider | 3 | 540 | / | 120 |
| Troll Headhunter | 4 | 560 | / | 80 |
| Tauren | 7 | 1960 | / | 560 |
| Troll Batrider | 9 | 1440 | / | 360 |
| Shaman | 7 | 910 | / | 140 |
| Kodo Beast | 4 | 1020 | / | 240 |
| total: | 59 | 9305g | / | 1500w |
| Watch Tower | 4 | 440 | / | 320 |
| Altar of Storms | 1 | 180 | / | 50 |
| Orc Burrow | 9 | 1440 | / | 360 |
| Barracks | 1 | 180 | / | 50 |
| Voodoo Lounge | 1 | 130 | / | 30 |
| War Mill | 2 | 410 | / | 0 |
| Great Hall | 1 | 385 | / | 185 |
| Beastiary | 2 | 290 | / | 280 |
| Tauren Totem | 2 | 270 | / | 310 |
| Spirit Lodge | 1 | 150 | / | 150 |
| Stronghold | 1 | 315 | / | 190 |
| Fortress | 1 | 325 | / | 190 |
| total: | 24 | 3875g | / | 1735w |
| 0:05 | Altar of Storms |
| 0:07 | Peon |
| 0:07 | Peon |
| 0:11 | Orc Burrow |
| 0:27 | Peon |
| 0:45 | Barracks |
| 0:52 | Peon |
| 1:09 | Peon |
| 1:20 | Peon |
| 1:34 | Orc Burrow |
| 1:39 | Peon |
| 1:39 | Peon |
| 2:08 | Grunt |
| 2:08 | Grunt |
| 2:16 | Critical Strike |
| 2:35 | Grunt |
| 2:42 | Voodoo Lounge |
| 3:07 | Grunt |
| 3:24 | Stronghold |
| 3:45 | Grunt |
| 4:05 | Orc Burrow |
| 4:11 | Wind Walk |
| 4:29 | Healing Salve |
| 5:09 | War Mill |
| 6:13 | Critical Strike |
| 6:17 | Berserker Strength |
| 6:18 | Grunt |
| 6:26 | Beastiary |
| 6:29 | Peon |
| 6:29 | Peon |
| 6:30 | Peon |
| 6:31 | Peon |
| 6:34 | Peon |
| 6:40 | Healing Salve |
| 6:41 | Healing Salve |
| 6:58 | Great Hall |
| 8:38 | Fortress |
| 8:46 | Watch Tower |
| 8:47 | Watch Tower |
| 8:51 | Orc Burrow |
| 8:56 | Orc Burrow |
| 9:12 | Watch Tower |
| 9:15 | Watch Tower |
| 10:37 | War Mill |
| 10:42 | Tauren Totem |
| 10:50 | Tauren Totem |
| 10:53 | Ensnare |
| 10:55 | Raider |
| 10:55 | Raider |
| 10:56 | Raider |
| 10:59 | Steel Armor |
| 11:29 | Orb of Lightning |
| 11:52 | Berserker Upgrade |
| 11:53 | Troll Regeneration |
| 11:54 | Troll Headhunter |
| 11:54 | Troll Headhunter |
| 11:54 | Troll Headhunter |
| 11:55 | Troll Headhunter |
| 12:06 | Steel Melee Weapons |
| 12:21 | Peon |
| 12:21 | Peon |
| 12:21 | Peon |
| 12:22 | Peon |
| 12:29 | Orc Burrow |
| 12:34 | Orc Burrow |
| 12:36 | Orc Burrow |
| 12:43 | Tauren |
| 13:05 | Pulverize |
| 13:18 | Pillage |
| 13:51 | Tauren |
| 14:05 | Spirit Lodge |
| 16:17 | Beastiary |
| 16:19 | Liquid Fire |
| 16:41 | Wind Walk |
| 17:44 | Shaman Adept Training |
| 17:44 | Shaman Master Training |
| 17:49 | Tauren |
| 17:50 | Tauren |
| 17:53 | Troll Batrider |
| 17:54 | Troll Batrider |
| 17:54 | Troll Batrider |
| 17:54 | Troll Batrider |
| 17:54 | Troll Batrider |
| 17:54 | Troll Batrider |
| 17:54 | Troll Batrider |
| 17:55 | Troll Batrider |
| 17:55 | Troll Batrider |
| 18:58 | Grunt |
| 18:58 | Grunt |
| 19:09 | Orc Burrow |
| 19:30 | Healing Salve |
| 19:49 | Thorium Armor |
| 19:52 | Thorium Melee Weapons |
| 20:16 | Shaman |
| 20:16 | Shaman |
| 20:17 | Shaman |
| 21:04 | Steel Ranged Weapons |
| 21:09 | Arcanite Armor |
| 26:17 | Shaman |
| 26:18 | Shaman |
| 26:18 | Shaman |
| 26:19 | Shaman |
| 26:20 | Tauren |
| 26:21 | Tauren |
| 26:22 | Tauren |
| 26:26 | War Drums Damage Increase |
| 26:27 | Kodo Beast |
| 26:27 | Kodo Beast |
| 26:37 | Kodo Beast |
| 26:37 | Kodo Beast |
| Right click | 1426 |
| Select | 344 |
| Build/train/purchase | 106 |
| Select group | 92 |
| Misc. action | 23 |
| Use ability | 23 |
| Minimap ping | 22 |
| Assign group | 19 |
| Remove unit | 5 |
| Item give/drop | 3 |
| Esc | 1 |
101 units @ 8.6k
/ 0.7k
362 buildings @ 30.7k
/ 17.8k



| Staff of Preservation | 2 | 300 |
| Orb of Venom | 2 | 650 |
| Potion of Mana | 2 | 400 |
| Potion of Healing | 1 | 150 |
| Boots of Speed | 3 | 750 |
| Staff of Teleportation | 3 | 450 |
| Periapt of Vitality | 3 | 975 |
| Circlet of Nobility | 2 | 350 |
| Healing Salve | 1 | 100 |
| Staff of Sanctuary | 1 | 250 |
| total: | 20 | 4375g |
| Wisp | 40 | 2400 | / | 0 |
| total: | 40 | 2400g | / | 0w |
| Altar of Elders | 1 | 180 | / | 50 |
| Moon Well | 23 | 4140 | / | 920 |
| Ancient of Wonders | 1 | 90 | / | 30 |
| Hunter's Hall | 2 | 420 | / | 200 |
| Tree of Life | 10 | 3400 | / | 1850 |
| Tree of Ages | 1 | 320 | / | 180 |
| Tree of Eternity | 1 | 330 | / | 200 |
| total: | 37 | 8230g | / | 3050w |
| 0:01 | Wisp |
| 0:02 | Wisp |
| 0:17 | Altar of Elders |
| 0:24 | Wisp |
| 0:31 | Moon Well |
| 0:34 | Wisp |
| 0:35 | Wisp |
| 0:46 | Wisp |
| 0:54 | Wisp |
| 1:26 | Moon Well |
| 1:37 | Wisp |
| 1:51 | Wisp |
| 1:52 | Wisp |
| 2:00 | Wisp |
| 2:31 | Entangling Roots |
| 2:49 | Wisp |
| 2:50 | Wisp |
| 2:50 | Wisp |
| 2:50 | Wisp |
| 2:50 | Wisp |
| 3:53 | Ancient of Wonders |
| 4:17 | Wisp |
| 4:44 | Boots of Speed |
| 5:07 | Staff of Teleportation |
| 5:33 | Moon Well |
| 5:33 | Moon Well |
| 5:47 | Tree of Ages |
| 5:48 | Moon Well |
| 6:11 | Hunter's Hall |
| 6:22 | Moon Well |
| 6:56 | Moon Well |
| 7:00 | Thorns Aura |
| 7:16 | Ultravision |
| 7:32 | Healing Salve |
| 7:57 | Moon Well |
| 8:54 | Breath of Fire |
| 9:07 | Boots of Speed |
| 9:22 | Periapt of Vitality |
| 10:29 | Nature's Blessing |
| 10:33 | Circlet of Nobility |
| 10:52 | Tree of Life |
| 10:56 | Tree of Life |
| 11:05 | Staff of Preservation |
| 11:38 | Tree of Eternity |
| 12:16 | Staff of Teleportation |
| 12:59 | Wisp |
| 12:59 | Wisp |
| 13:00 | Wisp |
| 13:00 | Wisp |
| 13:00 | Wisp |
| 13:02 | Wisp |
| 13:02 | Wisp |
| 13:02 | Wisp |
| 13:02 | Wisp |
| 13:02 | Wisp |
| 13:14 | Drunken Brawler |
| 13:21 | Entangling Roots |
| 14:03 | Frost Arrows |
| 14:11 | Well Spring |
| 14:25 | Boots of Speed |
| 14:25 | Staff of Teleportation |
| 14:27 | Periapt of Vitality |
| 15:30 | Orb of Venom |
| 15:41 | Moon Well |
| 15:41 | Moon Well |
| 15:58 | Staff of Preservation |
| 15:58 | Potion of Mana |
| 16:08 | Moon Well |
| 16:11 | Moon Well |
| 16:16 | Tree of Life |
| 17:18 | Staff of Sanctuary |
| 17:19 | Potion of Healing |
| 17:36 | Forked Lightning |
| 18:16 | Tree of Life |
| 18:19 | Tree of Life |
| 19:14 | Tree of Life |
| 19:15 | Tree of Life |
| 19:25 | Tree of Life |
| 19:31 | Wisp |
| 19:31 | Wisp |
| 19:31 | Wisp |
| 19:31 | Wisp |
| 19:31 | Wisp |
| 19:38 | Moon Well |
| 19:39 | Moon Well |
| 19:43 | Moon Well |
| 19:46 | Moon Well |
| 19:51 | Orb of Venom |
| 19:55 | Potion of Mana |
| 20:28 | Moon Well |
| 20:29 | Moon Well |
| 20:51 | Wisp |
| 20:51 | Wisp |
| 21:46 | Periapt of Vitality |
| 21:46 | Circlet of Nobility |
| 22:50 | Wisp |
| 22:50 | Wisp |
| 22:50 | Wisp |
| 22:50 | Wisp |
| 22:51 | Wisp |
| 22:55 | Moon Well |
| 23:05 | Breath of Fire |
| 24:03 | Tree of Life |
| 25:19 | Frost Arrows |
| 25:33 | Thorns Aura |
| 26:06 | Hunter's Hall |
| 26:16 | Thorns Aura |
| 26:26 | Wisp |
| 26:33 | Tree of Life |
| 26:53 | Moon Well |
| 28:47 | Moon Well |
| 28:48 | Moon Well |
| 28:49 | Moon Well |
| Right click | 2583 |
| Select | 668 |
| Select group | 291 |
| Resource trade | 257 |
| Build/train/purchase | 145 |
| Use ability | 84 |
| Chat | 75 |
| Item give/drop | 11 |
| Minimap ping | 9 |
| Assign group | 8 |
| Misc. action | 2 |


| Healing Salve | 3 | 300 |
| Lesser Clarity Potion | 3 | 210 |
| Orb of Lightning | 2 | 750 |
| Staff of Teleportation | 2 | 300 |
| Boots of Speed | 2 | 500 |
| Periapt of Vitality | 2 | 650 |
| Staff of Sanctuary | 2 | 500 |
| total: | 16 | 3210g |
| Peon | 23 | 1725 | / | 0 |
| Troll Batrider | 18 | 2880 | / | 720 |
| total: | 41 | 4605g | / | 720w |
| Watch Tower | 128 | 14080 | / | 10240 |
| Altar of Storms | 1 | 180 | / | 50 |
| Orc Burrow | 3 | 480 | / | 120 |
| Voodoo Lounge | 3 | 390 | / | 90 |
| War Mill | 1 | 205 | / | 0 |
| Great Hall | 1 | 385 | / | 185 |
| Beastiary | 1 | 145 | / | 140 |
| Stronghold | 1 | 315 | / | 190 |
| Fortress | 1 | 325 | / | 190 |
| total: | 138 | 15865g | / | 10825w |
| 0:03 | Peon |
| 0:03 | Peon |
| 0:05 | Altar of Storms |
| 0:08 | Orc Burrow |
| 0:19 | Peon |
| 0:29 | Peon |
| 0:45 | Voodoo Lounge |
| 0:52 | Peon |
| 0:52 | Peon |
| 1:06 | Peon |
| 1:12 | War Mill |
| 1:19 | Peon |
| 1:27 | Peon |
| 1:40 | Orc Burrow |
| 1:50 | Peon |
| 2:05 | Healing Salve |
| 2:06 | Lesser Clarity Potion |
| 2:06 | Lesser Clarity Potion |
| 2:08 | Wind Walk |
| 2:10 | Peon |
| 2:11 | Peon |
| 2:31 | Watch Tower |
| 2:35 | Peon |
| 2:45 | Watch Tower |
| 2:54 | Voodoo Lounge |
| 3:18 | Peon |
| 3:18 | Peon |
| 3:18 | Peon |
| 3:33 | Watch Tower |
| 3:47 | Watch Tower |
| 3:54 | Staff of Teleportation |
| 4:04 | Boots of Speed |
| 4:10 | Stronghold |
| 4:37 | Watch Tower |
| 4:39 | Watch Tower |
| 4:53 | Voodoo Lounge |
| 5:23 | Watch Tower |
| 5:24 | Watch Tower |
| 5:54 | Critical Strike |
| 6:00 | Great Hall |
| 6:07 | Watch Tower |
| 6:39 | Fortress |
| 6:46 | Watch Tower |
| 7:11 | Watch Tower |
| 7:16 | Beastiary |
| 7:30 | Wind Walk |
| 7:32 | Hex |
| 7:54 | Watch Tower |
| 7:57 | Watch Tower |
| 8:12 | Orc Burrow |
| 8:15 | Watch Tower |
| 8:34 | Spiked Barricades |
| 8:38 | Watch Tower |
| 8:43 | Watch Tower |
| 8:59 | Staff of Teleportation |
| 8:59 | Boots of Speed |
| 9:21 | Peon |
| 9:21 | Peon |
| 9:22 | Peon |
| 9:22 | Peon |
| 9:25 | Watch Tower |
| 9:25 | Watch Tower |
| 9:27 | Watch Tower |
| 10:25 | Watch Tower |
| 10:26 | Watch Tower |
| 10:27 | Watch Tower |
| 10:27 | Watch Tower |
| 10:32 | Watch Tower |
| 10:32 | Watch Tower |
| 10:33 | Watch Tower |
| 10:34 | Watch Tower |
| 10:39 | Peon |
| 10:45 | Orb of Lightning |
| 10:45 | Healing Salve |
| 11:07 | Watch Tower |
| 11:08 | Watch Tower |
| 11:09 | Watch Tower |
| 11:56 | Watch Tower |
| 12:19 | Watch Tower |
| 12:21 | Watch Tower |
| 12:21 | Watch Tower |
| 12:26 | Healing Wave |
| 12:53 | Watch Tower |
| 12:53 | Watch Tower |
| 12:54 | Watch Tower |
| 13:31 | Watch Tower |
| 13:33 | Troll Batrider |
| 13:34 | Troll Batrider |
| 13:34 | Troll Batrider |
| 13:34 | Troll Batrider |
| 13:35 | Steel Ranged Weapons |
| 14:02 | Watch Tower |
| 14:02 | Watch Tower |
| 14:38 | Watch Tower |
| 14:40 | Reinforced Defenses |
| 14:48 | Troll Batrider |
| 14:49 | Troll Batrider |
| 14:49 | Liquid Fire |
| 14:51 | Periapt of Vitality |
| 15:07 | Staff of Sanctuary |
| 15:14 | Orb of Lightning |
| 15:22 | Watch Tower |
| 15:23 | Watch Tower |
| 15:28 | Watch Tower |
| 15:29 | Watch Tower |
| 15:38 | Peon |
| 15:47 | Watch Tower |
| 16:09 | Critical Strike |
| 16:24 | Hex |
| 16:30 | Watch Tower |
| 16:30 | Watch Tower |
| 16:48 | Watch Tower |
| 16:49 | Watch Tower |
| 16:50 | Watch Tower |
| 16:50 | Watch Tower |
| 17:00 | Healing Salve |
| 17:09 | Staff of Sanctuary |
| 17:55 | Watch Tower |
| 17:56 | Watch Tower |
| 17:56 | Watch Tower |
| 18:07 | Lesser Clarity Potion |
| 19:31 | Watch Tower |
| 19:31 | Watch Tower |
| 19:32 | Watch Tower |
| 19:38 | Watch Tower |
| 19:39 | Watch Tower |
| 19:40 | Periapt of Vitality |
| 19:51 | Watch Tower |
| 19:52 | Watch Tower |
| 19:52 | Watch Tower |
| 19:53 | Watch Tower |
| 19:55 | Watch Tower |
| 20:02 | Troll Batrider |
| 20:02 | Troll Batrider |
| 20:27 | Thorium Ranged Weapons |
| 20:28 | Steel Armor |
| 20:39 | Watch Tower |
| 20:40 | Watch Tower |
| 20:41 | Watch Tower |
| 20:41 | Watch Tower |
| 20:42 | Watch Tower |
| 20:42 | Watch Tower |
| 20:51 | Watch Tower |
| 20:52 | Watch Tower |
| 21:45 | Watch Tower |
| 22:51 | Watch Tower |
| 22:56 | Watch Tower |
| 22:57 | Watch Tower |
| 22:58 | Watch Tower |
| 22:58 | Watch Tower |
| 23:04 | Watch Tower |
| 23:05 | Watch Tower |
| 23:07 | Watch Tower |
| 23:21 | Peon |
| 23:56 | Healing Wave |
| 24:05 | Watch Tower |
| 24:16 | Watch Tower |
| 24:17 | Watch Tower |
| 24:17 | Watch Tower |
| 24:21 | Watch Tower |
| 24:21 | Watch Tower |
| 24:22 | Watch Tower |
| 24:37 | Wind Walk |
| 25:26 | Watch Tower |
| 25:27 | Watch Tower |
| 25:32 | Divine Shield |
| 25:44 | Watch Tower |
| 25:45 | Watch Tower |
| 25:45 | Watch Tower |
| 25:49 | Troll Batrider |
| 25:49 | Troll Batrider |
| 25:49 | Troll Batrider |
| 25:49 | Troll Batrider |
| 25:49 | Troll Batrider |
| 26:00 | Watch Tower |
| 26:02 | Watch Tower |
| 26:02 | Watch Tower |
| 26:04 | Watch Tower |
| 26:05 | Watch Tower |
| 26:41 | Watch Tower |
| 26:41 | Watch Tower |
| 26:43 | Watch Tower |
| 26:43 | Watch Tower |
| 26:53 | Watch Tower |
| 26:54 | Watch Tower |
| 26:54 | Watch Tower |
| 26:55 | Watch Tower |
| 26:56 | Watch Tower |
| 26:57 | Watch Tower |
| 26:58 | Watch Tower |
| 26:58 | Watch Tower |
| 26:59 | Watch Tower |
| 26:59 | Watch Tower |
| 27:00 | Watch Tower |
| 27:15 | Watch Tower |
| 27:17 | Watch Tower |
| 27:20 | Watch Tower |
| 27:20 | Watch Tower |
| 27:35 | Troll Batrider |
| 27:35 | Troll Batrider |
| 27:35 | Troll Batrider |
| 27:35 | Troll Batrider |
| 27:36 | Troll Batrider |
| 28:33 | Watch Tower |
| 28:34 | Watch Tower |
| 28:35 | Watch Tower |
| 28:35 | Watch Tower |
| 28:36 | Watch Tower |
| 28:37 | Watch Tower |
| 28:44 | Watch Tower |
| 28:45 | Watch Tower |
| 28:47 | Watch Tower |
| 28:48 | Watch Tower |
| 28:49 | Healing Wave |
| Right click | 1951 |
| Select group | 1095 |
| Select | 320 |
| Build/train/purchase | 187 |
| Use ability | 73 |
| Minimap ping | 47 |
| Misc. action | 42 |
| Item give/drop | 17 |
| Assign group | 16 |
| Chat | 12 |
| Esc | 4 |



x1)
| Staff of Sanctuary | 4 | 1000 |
| Boots of Speed | 3 | 750 |
| Potion of Invisibility | 1 | 100 |
| Staff of Teleportation | 3 | 450 |
| Tome of Retraining | 1 | 300 |
| Orb of Lightning | 2 | 750 |
| Orb of Venom | 1 | 325 |
| total: | 15 | 3675g |
| Peasant | 18 | 1350 | / | 0 |
| Priest | 2 | 270 | / | 20 |
| total: | 20 | 1620g | / | 20w |
| Scout Tower | 175 | 5250 | / | 3500 |
| Arcane Tower | 15 | 1050 | / | 750 |
| Guard Tower | 62 | 4340 | / | 3100 |
| Altar of Kings | 1 | 180 | / | 50 |
| Farm | 5 | 400 | / | 100 |
| Lumber Mill | 1 | 120 | / | 0 |
| Arcane Vault | 4 | 520 | / | 120 |
| Arcane Sanctum | 1 | 150 | / | 140 |
| Keep | 2 | 640 | / | 420 |
| Castle | 1 | 360 | / | 210 |
| total: | 187 | 6620g | / | 3910w |
| 0:02 | Peasant |
| 0:04 | Altar of Kings |
| 0:14 | Peasant |
| 0:26 | Farm |
| 0:28 | Peasant |
| 0:36 | Peasant |
| 0:49 | Farm |
| 0:51 | Lumber Mill |
| 0:53 | Peasant |
| 1:08 | Peasant |
| 1:12 | Scout Tower |
| 1:24 | Scout Tower |
| 1:25 | Peasant |
| 1:30 | Peasant |
| 1:38 | Arcane Tower |
| 1:44 | Scout Tower |
| 1:46 | Scout Tower |
| 1:49 | Arcane Tower |
| 1:51 | Peasant |
| 1:59 | Improved Masonry |
| 1:59 | Advanced Masonry |
| 2:01 | Peasant |
| 2:04 | Summon Water Elemental |
| 2:13 | Scout Tower |
| 2:14 | Guard Tower |
| 2:18 | Scout Tower |
| 2:20 | Peasant |
| 2:27 | Guard Tower |
| 2:45 | Scout Tower |
| 2:46 | Guard Tower |
| 2:54 | Scout Tower |
| 2:55 | Guard Tower |
| 2:56 | Peasant |
| 2:56 | Peasant |
| 2:56 | Peasant |
| 3:27 | Scout Tower |
| 3:27 | Guard Tower |
| 3:29 | Scout Tower |
| 3:30 | Guard Tower |
| 3:42 | Arcane Vault |
| 4:05 | Keep |
| 4:08 | Scout Tower |
| 4:08 | Scout Tower |
| 4:15 | Scout Tower |
| 4:28 | Scout Tower |
| 4:30 | Farm |
| 4:41 | Guard Tower |
| 4:43 | Scout Tower |
| 4:43 | Scout Tower |
| 4:45 | Scout Tower |
| 4:46 | Scout Tower |
| 4:48 | Guard Tower |
| 4:50 | Scout Tower |
| 4:51 | Scout Tower |
| 4:52 | Scout Tower |
| 4:54 | Scout Tower |
| 4:57 | Scout Tower |
| 4:58 | Scout Tower |
| 5:11 | Arcane Tower |
| 5:17 | Guard Tower |
| 5:37 | Boots of Speed |
| 5:49 | Guard Tower |
| 5:51 | Scout Tower |
| 5:51 | Scout Tower |
| 6:19 | Guard Tower |
| 6:20 | Guard Tower |
| 6:28 | Guard Tower |
| 6:44 | Guard Tower |
| 7:05 | Peasant |
| 7:05 | Peasant |
| 7:16 | Imbued Masonry |
| 7:19 | Peasant |
| 7:26 | Brilliance Aura |
| 7:36 | Scout Tower |
| 7:37 | Scout Tower |
| 7:55 | Storm Bolt |
| 8:12 | Peasant |
| 8:14 | Arcane Sanctum |
| 8:16 | Guard Tower |
| 8:19 | Scout Tower |
| 8:20 | Scout Tower |
| 8:21 | Scout Tower |
| 8:28 | Guard Tower |
| 8:30 | Scout Tower |
| 8:35 | Scout Tower |
| 8:36 | Scout Tower |
| 8:37 | Scout Tower |
| 8:56 | Improved Lumber Harvesting |
| 9:01 | Scout Tower |
| 9:30 | Guard Tower |
| 9:58 | Scout Tower |
| 10:08 | Guard Tower |
| 10:09 | Scout Tower |
| 10:17 | Guard Tower |
| 10:20 | Scout Tower |
| 10:22 | Scout Tower |
| 10:24 | Castle |
| 10:28 | Guard Tower |
| 10:38 | Scout Tower |
| 10:39 | Guard Tower |
| 10:41 | Scout Tower |
| 11:00 | Guard Tower |
| 11:02 | Scout Tower |
| 11:03 | Scout Tower |
| 11:04 | Scout Tower |
| 11:06 | Scout Tower |
| 11:07 | Scout Tower |
| 11:35 | Bash |
| 11:44 | Arcane Vault |
| 11:46 | Scout Tower |
| 11:48 | Scout Tower |
| 11:59 | Magic Sentry |
| 12:00 | Priest Adept Training |
| 12:00 | Priest |
| 12:02 | Guard Tower |
| 12:05 | Scout Tower |
| 12:19 | Guard Tower |
| 12:20 | Scout Tower |
| 12:21 | Scout Tower |
| 12:22 | Scout Tower |
| 12:35 | Arcane Tower |
| 12:37 | Scout Tower |
| 12:38 | Guard Tower |
| 12:42 | Scout Tower |
| 12:52 | Scout Tower |
| 13:06 | Guard Tower |
| 13:07 | Scout Tower |
| 13:15 | Summon Water Elemental |
| 13:20 | Guard Tower |
| 13:22 | Scout Tower |
| 13:23 | Scout Tower |
| 13:37 | Guard Tower |
| 13:39 | Scout Tower |
| 13:48 | Guard Tower |
| 13:49 | Scout Tower |
| 13:51 | Scout Tower |
| 13:56 | Arcane Tower |
| 14:04 | Scout Tower |
| 14:04 | Scout Tower |
| 14:12 | Guard Tower |
| 14:46 | Boots of Speed |
| 14:46 | Potion of Invisibility |
| 14:53 | Scout Tower |
| 14:54 | Scout Tower |
| 14:59 | Scout Tower |
| 15:00 | Scout Tower |
| 15:05 | Arcane Tower |
| 15:23 | Guard Tower |
| 15:30 | Guard Tower |
| 15:36 | Scout Tower |
| 15:36 | Scout Tower |
| 15:48 | Guard Tower |
| 15:50 | Scout Tower |
| 16:02 | Scout Tower |
| 16:05 | Scout Tower |
| 16:05 | Scout Tower |
| 16:17 | Farm |
| 16:22 | Scout Tower |
| 16:23 | Guard Tower |
| 16:24 | Arcane Tower |
| 16:34 | Guard Tower |
| 16:36 | Scout Tower |
| 16:37 | Scout Tower |
| 16:57 | Guard Tower |
| 17:02 | Scout Tower |
| 17:03 | Scout Tower |
| 17:21 | Scout Tower |
| 17:22 | Guard Tower |
| 17:23 | Scout Tower |
| 17:24 | Scout Tower |
| 17:30 | Advanced Lumber Harvesting |
| 17:35 | Staff of Teleportation |
| 17:46 | Scout Tower |
| 17:48 | Scout Tower |
| 17:51 | Scout Tower |
| 17:51 | Scout Tower |
| 18:01 | Guard Tower |
| 18:10 | Guard Tower |
| 18:17 | Arcane Tower |
| 18:31 | Tome of Retraining |
| 18:31 | Retrain Hero |
| 18:35 | Blizzard |
| 18:35 | Brilliance Aura |
| 19:16 | Staff of Teleportation |
| 19:17 | Boots of Speed |
| 19:19 | Holy Light |
| 19:27 | Scout Tower |
| 19:27 | Scout Tower |
| 19:29 | Guard Tower |
| 19:33 | Scout Tower |
| 19:34 | Scout Tower |
| 19:35 | Scout Tower |
| 19:36 | Scout Tower |
| 19:37 | Scout Tower |
| 19:38 | Scout Tower |
| 19:38 | Scout Tower |
| 19:39 | Scout Tower |
| 19:40 | Scout Tower |
| 19:41 | Scout Tower |
| 19:41 | Scout Tower |
| 19:42 | Scout Tower |
| 19:42 | Scout Tower |
| 19:43 | Scout Tower |
| 19:50 | Scout Tower |
| 19:50 | Scout Tower |
| 19:51 | Scout Tower |
| 19:52 | Scout Tower |
| 20:13 | Staff of Teleportation |
| 20:20 | Guard Tower |
| 20:22 | Scout Tower |
| 20:23 | Scout Tower |
| 20:27 | Arcane Tower |
| 20:28 | Guard Tower |
| 20:30 | Scout Tower |
| 20:31 | Scout Tower |
| 20:31 | Scout Tower |
| 20:41 | Arcane Vault |
| 20:49 | Farm |
| 20:59 | Staff of Sanctuary |
| 21:06 | Arcane Tower |
| 21:07 | Guard Tower |
| 21:15 | Scout Tower |
| 21:16 | Scout Tower |
| 21:16 | Scout Tower |
| 21:17 | Scout Tower |
| 21:17 | Scout Tower |
| 21:18 | Scout Tower |
| 21:23 | Staff of Sanctuary |
| 21:30 | Staff of Sanctuary |
| 21:32 | Orb of Lightning |
| 21:36 | Guard Tower |
| 21:37 | Guard Tower |
| 21:42 | Scout Tower |
| 21:43 | Scout Tower |
| 21:43 | Scout Tower |
| 21:44 | Scout Tower |
| 21:44 | Scout Tower |
| 21:45 | Scout Tower |
| 21:59 | Guard Tower |
| 22:00 | Scout Tower |
| 22:04 | Scout Tower |
| 22:05 | Scout Tower |
| 22:48 | Storm Bolt |
| 22:49 | Brilliance Aura |
| 22:51 | Guard Tower |
| 22:54 | Scout Tower |
| 22:55 | Scout Tower |
| 22:55 | Scout Tower |
| 22:56 | Scout Tower |
| 22:57 | Guard Tower |
| 23:01 | Scout Tower |
| 23:02 | Scout Tower |
| 23:06 | Arcane Tower |
| 23:07 | Guard Tower |
| 23:10 | Scout Tower |
| 23:11 | Scout Tower |
| 23:11 | Scout Tower |
| 23:11 | Scout Tower |
| 23:12 | Scout Tower |
| 23:12 | Scout Tower |
| 23:13 | Scout Tower |
| 23:13 | Scout Tower |
| 24:06 | Scout Tower |
| 24:07 | Scout Tower |
| 24:10 | Guard Tower |
| 24:12 | Arcane Vault |
| 24:13 | Scout Tower |
| 24:13 | Scout Tower |
| 24:14 | Scout Tower |
| 24:16 | Priest |
| 24:25 | Orb of Lightning |
| 24:36 | Arcane Tower |
| 24:37 | Guard Tower |
| 24:42 | Guard Tower |
| 24:43 | Scout Tower |
| 24:44 | Scout Tower |
| 24:49 | Orb of Venom |
| 25:39 | Guard Tower |
| 25:47 | Guard Tower |
| 25:51 | Scout Tower |
| 25:51 | Scout Tower |
| 25:52 | Scout Tower |
| 25:52 | Scout Tower |
| 26:15 | Guard Tower |
| 26:20 | Priest Master Training |
| 26:32 | Guard Tower |
| 26:36 | Scout Tower |
| 26:36 | Scout Tower |
| 26:37 | Scout Tower |
| 26:37 | Scout Tower |
| 26:38 | Scout Tower |
| 26:38 | Scout Tower |
| 26:40 | Guard Tower |
| 26:42 | Scout Tower |
| 26:43 | Scout Tower |
| 26:48 | Staff of Sanctuary |
| 27:50 | Guard Tower |
| 27:51 | Scout Tower |
| 27:51 | Scout Tower |
| 27:52 | Scout Tower |
| 27:52 | Scout Tower |
| 27:54 | Scout Tower |
| 27:54 | Scout Tower |
| 27:55 | Scout Tower |
| 27:55 | Scout Tower |
| 27:57 | Scout Tower |
| 27:57 | Scout Tower |
| 27:58 | Guard Tower |
| 28:13 | Bash |
| 28:46 | Guard Tower |
| 28:49 | Scout Tower |
| 28:50 | Scout Tower |
| 28:51 | Scout Tower |
| 28:51 | Scout Tower |
| 28:52 | Scout Tower |
| 28:52 | Scout Tower |
| Right click | 1470 |
| Select group | 897 |
| Select | 474 |
| Assign group | 366 |
| Build/train/purchase | 236 |
| Use ability | 92 |
| Misc. action | 61 |
| Chat | 22 |
| Resource trade | 11 |
| Item give/drop | 5 |